 Dungeon Crawl Stone Soup version 0.27-a0-550-ge92ec0ca06 (webtiles) character file.

Game seed: 12212538502478837501

7410 jestyr24 the Slinger (level 11, -13/69 HPs)
             Began as a Halfling Hunter on Mar 6, 2021.
             Was an Elder of Hepliaklqana.
             Mangled by a large abomination (23 damage)
             ... on level 2 of the Abyss on Mar 8, 2021.
             The game lasted 01:50:37 (14667 turns).

jestyr24 the Slinger (Halfling Hunter)             Turns: 14667, Time: 01:50:38

Health: -13/69     AC: 10    Str: 15    XL:     11   Next: 36%
Magic:  11/11      EV: 16    Int: 12    God:    Hepliaklqana [****..]
Gold:   392        SH: 10    Dex: 19    Spells: 10/10 levels left

rFire    . . .     SeeInvis .   D - +2 short sword (venom)
rCold    + + .     Faith    +   G - +0 kite shield
rNeg     . . .     Spirit   .   b - +0 steam dragon scales
rPois    .         Reflect  .   x - +2 helmet {Int+3}
rElec    .         Harm     .   A - +0 cloak
rCorr    .         Rampage  .   (no gloves)
Will     .....                  (no boots)
Stlth    ++++......             m - amulet of faith
HPRegen  0.21/turn              p - ring of protection from cold
MPRegen  0.12/turn              w - ring of protection from cold

@: about to teleport
A: small, reduced essence, mutation resistance 1, strong 1
a: Renounce Religion, Recall Ancestor, Ancestor Identity, Transference, Idealise


You were on level 2 of the Abyss.
You worshipped Hepliaklqana.
Hepliaklqana was greatly pleased with you.
You visited 1 branch of the dungeon, and saw 9 of its levels.
You visited the Abyss 1 time.

You collected 392 gold pieces.

Inventory:

Hand Weapons
 a - a +1 hunting sling
 c - a +3 dagger of distortion
 y - a +4 quarterstaff of chaos
 D - a +2 short sword of venom (weapon)
 E - a +2 dagger of holy wrath
Missiles
 d - 101 sling bullets
 i - 232 stones
 t - 54 poisoned darts
 z - 7 boomerangs (quivered)
 K - a curare-tipped dart
Armour
 b - +0 steam dragon scales (worn)
 e - a +2 robe of willpower
 x - a +2 helmet of intelligence (worn)
 A - a +0 cloak (worn)
 G - a +0 kite shield (worn)
 I - a +0 plate armour
 J - a +1 leather armour of fire resistance
 L - a +2 robe of positive energy
Jewellery
 m - an amulet of faith (around neck)
 p - a ring of protection from cold (left hand)
 w - a ring of protection from cold (right hand)
Wands
 s - a wand of charming (21)
 B - a wand of acid (10)
 F - a wand of iceblast (14)
 H - a wand of random effects (46)
Scrolls
 f - 7 scrolls of identify
 g - a scroll of enchant armour
 k - a scroll of amnesia
 o - 3 scrolls of magic mapping
Potions
 h - 4 potions of curing
 j - a potion of berserk rage
 q - a potion of heal wounds
 r - 5 potions of flight
 v - 2 potions of magic
 C - a potion of might
Miscellaneous
 l - a phial of floods


   Skills:
 * Level 8.1 Fighting
 + Level 6.5 Short Blades
 - Level 1.1 Staves
 - Level 12.2 Slings
 - Level 0.2(5.4) Throwing
 + Level 5.2 Armour
 + Level 6.1 Dodging
 * Level 8.8 Stealth
 + Level 3.0 Shields


You had 10 spell levels left.
You didn't know any spells.
Your spell library contained the following spells:

 Spells                   Type           Power      Damage    Failure   Level
 Beastly Appendage        Tmut           0%         N/A       86%         1
 Corona                   Hex            0%         N/A       86%         1
 Slow                     Hex            0%         N/A       95%         2
 Wereblood                Tmut           0%         N/A       95%         2
 Inner Flame              Hex/Fire       0%         N/A       99%         3
 Portal Projectile        Hex/Tloc       0%         N/A       99%         3
 Spider Form              Tmut/Pois      0%         N/A       99%         3
 Cause Fear               Hex            0%         N/A       100%        4
 Ice Form                 Ice/Tmut       0%         N/A       100%        4
 Leda's Liquefaction      Hex/Erth       0%         N/A       100%        4
 Blade Hands              Tmut           0%         N/A       100%        5


Dungeon Overview and Level Annotations

Branches:
Dungeon (9/15)             Temple (0/1) D:7            Lair (0/6) D:8
    Orc: D:9-12

Altars:
Ashenzari
Cheibriados
Dithmenos
Elyvilon
Fedhas
Hepliaklqana
Makhleb
Okawaru
Qazlal
Ru
Sif Muna
Xom
Zin

Shops:
D:4 (=:*

Annotations:
D:4 2 runed translucent doors, jasper's ghost, amateur DsWr
D:9 Erolcha


Innate Abilities, Weirdness & Mutations

You are small and have problems with some larger weapons.
You are somewhat resistant to further mutation.
Your life essence is reduced to manifest your ancestor. (-10% HP)
Your muscles are strong. (Str +2)


Message History

You are cast into the Abyss!
To return, you must find a gate leading back.
Killing monsters will force the Abyss to allow you passage.
This branch contains the abyssal rune of Zot.
Reactivating autopickup.
An ufetubus appears in a shower of translocational energy.
Found 12 gold pieces.
Found 15 gold pieces.
You now have 392 gold pieces (gained 15).
You open the door.
Found a robe.
There is an open door here.
You see here a +0 robe.
HP restored.
A lurking horror comes into view.
You see here a +0 robe.
Found a phial of floods.
Found 11 gold pieces.
You see here a phial of floods.
l - a phial of floods A raiju comes into view.
A tentacled starspawn comes into view.
The raiju barks!
A large abomination comes into view.
The raiju bursts into living lightning!
The living lightning hits you!! x2; The raiju blinks! x3
Unknown command.
The raiju bursts into living lightning!
The living lightning hits you! The living lightning misses you.
The raiju blinks! x3
As you read the scroll of teleportation, it crumbles to dust.
You feel strangely unstable.
You feel the power of the Abyss delaying your translocation!
The raiju bites you but does no damage. The raiju bites you.
* * * LOW HITPOINT WARNING * * *
The raiju shocks you!
* * * LOW HITPOINT WARNING * * *
The large abomination hits you!!
You die...

. . .. .#......
..#..##. .......#
#.......
.......###.#X#.#
.............
........... ##?
#..# #..#
.....###X.###..#
#.....@.h.....#
#...##........#
..........##.#*# .
#......##.#.#
#..8........#
#........#...#####
#............. ..#
#..##.##.###.#####
...###.


You could see a large abomination, a raiju and a lurking horror.

Vanquished Creatures
  2 two-headed ogres (D:8)
  Pikel (D:8)
  Psyche (D:8)
  Prince Ribbit (D:5)
  A steam dragon (D:9)
  A water moccasin (D:6)
  4 orc warriors
  An ice beast (D:9)
  An eye of draining (D:9)
  A necrophage (D:9)
  2 ogres
  2 centaurs
  3 phantoms
  Blork the orc (D:4)
  3 bullfrogs
  A wyvern skeleton (D:7)
  2 scorpions
  3 howler monkeys
  2 bullfrog zombies
  5 orc priests
  Crazy Yiuf (D:4)
  4 hounds
  A hexer (D:8)
  5 orc wizards
  5 worker ants
  A hound skeleton (D:9)
  2 howler monkey skeletons
  9 adders
  A shadow imp (D:5)
  An ooze (D:1)
  An adder skeleton (D:9)
  2 worms
  A dart slug (D:3)
  6 leopard geckos
  36 orcs
  11 bats
  5 giant cockroaches
  5 goblins
  6 hobgoblins
  8 jackals
  6 kobolds
  4 quokkas
  3 ball pythons
  10 frilled lizards
  A giant cockroach zombie (D:3)
  A quokka skeleton (D:4)
  3 quokka zombies
  11 rats
188 creatures vanquished.

Vanquished Creatures (collateral kills)
  A two-headed ogre (D:8)
  Sigmund (D:5)
  Duvessa (D:6)
  An ice beast (D:8)
  An orc warrior (D:8)
  An ogre (D:4)
  2 centaurs
  A phantom (D:8)
  A lemure (D:8)
  A kobold brigand (D:9)
  A bullfrog (D:8)
  Dowan (D:6)
  A scorpion (D:8)
  3 howler monkeys
  A bullfrog zombie (D:5)
  2 jellies
  4 orc priests
  A hound (D:5)
  A centaur skeleton (D:4)
  3 bullfrog skeletons
  An iguana (D:4)
  5 orc wizards
  2 worker ants (D:6)
  3 adders
  An ufetubus (D:5)
  A leopard gecko (D:3)
  13 orcs
  A giant cockroach (D:4)
  2 quokkas
58 creatures vanquished.

Vanquished Creatures (others)
  5 hexers
  8 ancestors
  An orc (D:8)
  3 fungi (D:4)
  35 plants
52 creatures vanquished.

Grand Total: 298 creatures vanquished

Notes
Turn   | Place    | Note
-------+----------+-------------------------------------------
     0 | D:1      | jestyr24 the Halfling Hunter began the quest for the Orb.
     0 | D:1      | Reached XP level 1. HP: 14/14 MP: 1/1
   209 | D:1      | Reached skill level 6 in Slings
   268 | D:1      | Reached XP level 2. HP: 14/19 MP: 2/2
   653 | D:1      | Reached XP level 3. HP: 24/24 MP: 3/3
   948 | D:1      | Reached skill level 1 in Short Blades
  1660 | D:2      | Reached XP level 4. HP: 17/29 MP: 4/4
  1804 | D:2      | Reached skill level 1 in Armour
  2824 | D:3      | Found a stormy altar of Qazlal.
  2844 | D:2      | Reached XP level 5. HP: 25/34 MP: 5/5
  2944 | D:2      | Reached skill level 7 in Slings
  3123 | D:3      | Found a snail-covered altar of Cheibriados.
  3153 | D:3      | Found a blossoming altar of Fedhas.
  3153 | D:3      | Found a sacrificial altar of Ru.
  3289 | D:3      | Found a hazy altar of Hepliaklqana.
  3353 | D:3      | Became a worshipper of Hepliaklqana the Forgotten
  3517 | D:3      | Found a white marble altar of Elyvilon.
  3517 | D:3      | Found a shimmering blue altar of Sif Muna.
  3525 | D:3      | Found a broken altar of Ashenzari.
  3527 | D:3      | Found a glowing silver altar of Zin.
  3529 | D:3      | Found an iron altar of Okawaru.
  3669 | D:4      | Found But Kyjo's Weapon Boutique.
  3691 | D:4      | Found Gekle's Book Shop.
  3785 | D:4      | Found a runed translucent door.
  3818 | D:4      | Reached XP level 6. HP: 15/35 MP: 6/6
  4036 | D:4      | Noticed an ogre
  4041 | D:4      | Reached skill level 8 in Slings
  4342 | D:4      | Found a shadowy altar of Dithmenos.
  4686 | D:4      | Killed an ogre
  4687 | D:4      | Reached XP level 7. HP: 40/40 MP: 7/7
  4689 | D:4      | Upgraded the game from 0.27-a0-538-g15ff5c5295 to
                  | 0.27-a0-550-ge92ec0ca06
  4724 | D:4      | Noticed jasper's ghost (amateur DsWr)
  4741 | D:4      | Found Ceethrey's Assorted Antiques.
  4759 | D:4      | Found a runed translucent door.
  4896 | D:4      | Found a runed translucent door.
  4897 | D:4      | Noticed Crazy Yiuf
  4914 | D:4      | Killed Crazy Yiuf
  4915 | D:4      | Reached skill level 9 in Slings
  5044 | D:4      | Found Qomoch's Jewellery Shop.
  5132 | D:5      | Entered Level 5 of the Dungeon
  5361 | D:5      | Reached * piety under Hepliaklqana
  5451 | D:5      | Reached skill level 1 in Staves
  5458 | D:5      | Noticed Blork the orc
  5510 | D:4      | Killed Blork the orc
  5511 | D:4      | Reached skill level 10 in Slings
  5769 | D:5      | Reached XP level 8. HP: 46/46 MP: 8/8
  5777 | D:5      | Noticed Prince Ribbit
  6118 | D:5      | Noticed Sigmund
  6146 | D:5      | Killed Sigmund
  6372 | D:5      | Reached skill level 11 in Slings
  6753 | D:5      | Killed Prince Ribbit
  6954 | D:5      | Found a sacrificial altar of Ru.
  7172 | D:5      | Found a shimmering altar of Xom.
  7301 | D:5      | Reached ** piety under Hepliaklqana
  7317 | D:5      | Reached skill level 12 in Slings
  7317 | D:5      | Reached XP level 9. HP: 44/52 MP: 9/9
  7887 | D:5      | Found a burning altar of Makhleb.
  8292 | D:6      | Noticed Dowan
  8295 | D:6      | Noticed Duvessa
  8312 | D:6      | Killed Duvessa
  8333 | D:6      | Killed Dowan
  9112 | D:6      | Reached skill level 5 in Fighting
 10005 | D:7      | Reached *** piety under Hepliaklqana
 10152 | D:7      | Reached skill level 5 in Stealth
 10373 | D:7      | Found a staircase to the Ecumenical Temple.
 10827 | D:7      | HP: 2/55 [orc priest/divine providence (13)]
 11472 | D:7      | Reached XP level 10. HP: 40/61 MP: 10/10
 11480 | D:7      | Remembered your ancestor Jeso as a hexer
 11793 | D:8      | Noticed Psyche
 11799 | D:8      | Killed Psyche
 12027 | D:8      | Gained mutation: Your muscles are strong. (Str +2) [potion
                  | of mutation]
 12175 | D:8      | Found a staircase to the Lair.
 12200 | D:8      | Noticed a two-headed ogre
 12262 | D:8      | Killed a two-headed ogre
 12263 | D:8      | Reached skill level 1 in Shields
 12332 | D:8      | Noticed a two-headed ogre
 12338 | D:8      | Reached skill level 5 in Dodging
 12342 | D:8      | Killed a two-headed ogre
 12343 | D:8      | Reached skill level 5 in Armour
 12590 | D:8      | Reached **** piety under Hepliaklqana
 12803 | D:8      | Noticed Pikel
 12814 | D:8      | Killed Pikel
 12815 | D:8      | Reached skill level 5 in Short Blades
 13072 | D:8      | Reached XP level 11. HP: 68/68 MP: 11/11
 13975 | D:9      | Noticed a two-headed ogre
 13976 | D:9      | Noticed Erolcha
 14018 | D:9      | Noticed a two-headed ogre
 14481 | D:8      | Killed a two-headed ogre
 14517 | D:9      | Cast into level 2 of the Abyss (Erolcha)
 14659 | Abyss:2  | Noticed a tentacled starspawn
 14667 | Abyss:2  | Mangled by a large abomination

Illustrated notes

Levels and vault maps discovered:
D:1:      dpeg_arrival_central, layout_basic, grunt_decor_fettered,
          minmay_pentomino_t4
D:2:      layout_loops_ring, serial_bayou_lagoon_a,
          minmay_misc_feat_secret_circle, columned_hall_lemuel
D:3:      layout_rooms, lemuel_crystal_altar, grunt_temple_overflow_open,
          nicolae_qazlal_general_emergency, chequers_temple_overflow_minitemple
D:4:      layout_basic, nicolae_dithmenos_shadow_blocks, serial_shops, shop,
          shop_statue, shop_fountains, shop_fountains, ebering_ghost_sewer_f,
          uniq_crazy_yiuf_cottage
D:5:      layout_layer_cave, lightli_temple_of_fire,
          lemuel_coloured_pillars_altar, nicolae_ru_great_annihilating_truth,
          uniq_sigmund, uniq_prince_ribbit1, uniq_blork_the_orc
D:6:      cheibrodos_quashed, layout_cave_pods, minmay_quadrilaterals,
          uniq_duvessa
D:7:      layout_basic, minmay_temple_entry_enclosed_plants
D:8:      layout_gridville, dpeg_oklobed_lair, uniq_pikel, uniq_psyche
D:9:      minmay_octagon_keep, layout_loops_ring, tso_metal_star,
          chequers_temple_overflow_statue_of_worship, the_bakery, uniq_erolcha
Abyss:2:  base: D:9, evilmike_abyss_exit_15

Skill      XL: |  1  2  3  4  5  6  7  8  9 10 11 |
---------------+----------------------------------+-----
Slings         | 6 7 8 10 12 | 12.2
Short Blades   | 1 2 3 5 6 |  6.5
Armour         | 1 2 4 5 |  5.2
Fighting       | 2 3 4 6 7 8 |  8.1
Dodging        | 3 4 5 6 |  6.1
Staves         | 1 |  1.1
Stealth        | 3 6 7 8 |  8.8
Shields        | 1 3 |  3.0
Throwing       | |  0.2

Action                   |  1- 3 |  4- 6 |  7- 9 | 10-12 || total
-------------------------+-------+-------+-------+-------++-------
Melee: Short sword       |   148 |   106 |    35 |   197 ||   486
       Quarterstaff      |       |       |   120 |       ||   120
       Dagger            |       |       |     5 |    13 ||    18
 Fire: Hunting sling     |    38 |   116 |   134 |    13 ||   301
Throw: Stone             |     1 |    49 |       |       ||    50
       Boomerang         |       |       |    55 |    17 ||    72
       Dart              |       |       |    10 |     9 ||    19
Invok: Ancestor Life: He |       |       |       |     1 ||     1
       Ancestor Identity |       |       |       |     1 ||     1
  Use: Potion            |       |     2 |     2 |     1 ||     5
       Scroll            |       |     3 |     5 |     3 ||    11
 Stab: Sleeping          |       |     1 |     3 |     4 ||     8
       Distracted        |       |       |     1 |     5 ||     6
       Confused          |       |       |       |     7 ||     7
Armor: Leather armour    |    75 |    42 |    39 |     8 ||   164
       Robe              |       |       |       |    22 ||    22
       Steam dragon scal |       |       |       |    11 ||    11
Dodge: Dodged            |   192 |   137 |   118 |   110 ||   557
Block: Kite shield       |       |       |    16 |    85 ||   101

Table legend: (Time is in decaauts)
 A = Elapsed time spent in this place.
 B = Non-inter-level travel time spent in this place.
 C = Inter-level travel time spent in this place.
 D = Time resting spent in this place.
 E = Time spent auto-exploring this place.
 F = Levels seen in this place.
 G = Mean time per level.
                   A        B        C        D        E       F      G
               +--------+--------+--------+--------+--------+-----+--------+
         Total |  14702 |  14220 |    482 |   4860 |   5311 |  10 | 1470.2 |
       Dungeon |  14552 |  14070 |    482 |   4860 |   5215 |   9 | 1616.9 |
         Abyss |    149 |    149 |      0 |      0 |     96 |   1 |  149.0 |
               +--------+--------+--------+--------+--------+-----+--------+

Top non-repeatable levels by time:
     D:5: 2611 daAuts
     D:6: 2187 daAuts
     D:8: 1774 daAuts
     D:2: 1737 daAuts
     D:4: 1703 daAuts
     D:7: 1574 daAuts
     D:1: 1280 daAuts
     D:3: 873 daAuts
     D:9: 808 daAuts
 Abyss:2: 149 daAuts
